 Dungeon Crawl Stone Soup version 0.32-a0-953-g508020473e (webtiles) character file.

Game seed: 6576379920727525615

121 runemasterragnar the Ruffian (level 5, -1/35 HPs)
             Began as an Octopode Shapeshifter on Apr 16, 2024.
             Slain by a jelly (2 damage)
             ... on level 4 of the Dungeon.
             The game lasted 00:01:31 (2266 turns).

runemasterragnar the Ruffian (OpSh)                 Turns: 2266, Time: 00:01:32

Health: -1/35      AC: -15   Str: 15    XL:     5   Next: 5%
Magic:  5/5        EV: 12    Int: 13    God:
Gold:   117        SH:  0    Dex: 11    Spells: 4/4 levels left

rFire   . .          .
                       - Unarmed
rCold   . . .        (no shield)
rNeg    . . .        (helmet currently unavailable)
rPois   .            (no amulet)
rElec   .            (no ring)
rCorr   .            (no ring)
SInv    .            (no ring)
Will    .....        (no ring)
Stlth   +++          (no ring)
HPRegen 0.25/turn    (no ring)
MPRegen 0.09/turn    (no ring)
                     (no ring)

%: no passive effects
@: beast-form, corroded
A: beast (slay +1), almost no armour, amphibious, 8 rings, camouflage 1,
gelatinous body 1, (nimble swimmer 1), tentacles
a: Begin Untransformation


You were on level 4 of the Dungeon.
You were a hulking beast.
You visited 1 branch of the dungeon, and saw 4 of its levels.

You collected 117 gold pieces.

Inventory:

Missiles
 j - 2 throwing nets (quivered)
Jewellery
 h - a ring of protection from cold
Talismans
 b - a beast talisman (active)
 c - a flux talisman
Scrolls
 e - a scroll of identify {unknown}
 f - a scroll of noise {unknown}
 i - a scroll of enchant weapon {unknown}
 k - a scroll of immolation {unknown}
 l - a scroll of blinking {unknown}
 o - a scroll of teleportation {unknown}
Potions
 a - a potion of lignification
 d - 3 potions of heal wounds {unknown}
 g - a potion of degeneration {unknown}
 m - a potion of haste {unknown}
 n - a potion of invisibility {unknown}


   Skills:
 * Level 2.5 Fighting
 + Level 2.6 Dodging
 + Level 2.3 Stealth
 * Level 3.8 Unarmed Combat
 + Level 3.3 Shapeshifting


You had 4 spell levels left.
You didn't know any spells.
Your spell library contained the following spells:

 Spells                   Type           Power      Damage    Failure   Level
 Dispersal                Tloc           0%         N/A       100%        6
 Gell's Gavotte           Tloc           0%         2d(11-16) 100%        6
 Manifold Assault         Tloc           0%         N/A       100%        7
 Disjunction              Tloc           0%         N/A       100%        8


Dungeon Overview and Level Annotations

Branches:
Dungeon (4/15)
 Temple: D:4-7

Altars:
Nemelex Xobeh


Innate Abilities, Weirdness & Mutations

You are a hulking beast.
Your limbs bulge with bestial killing power. (Slay +1)
You cannot wear most types of armour.
You are amphibious.
You can wear up to eight rings at the same time.
Your skin changes colour to match your surroundings (Stealth+).
Your rubbery body absorbs attacks. (AC +1, EV +1)
((You are camouflaged when in or above water. (Stealth+)))
You have tentacles for arms and can constrict up to eight enemies at once.


Message History

The orc is lightly wounded.
You tentacle-slap the orc. You grab the orc. You squeeze the orc.
You kill the orc!
An endoplasm is nearby!
An endoplasm is nearby!
A jelly comes into view.
The jelly quivers.
There are monsters nearby!
The helpless endoplasm fails to defend itself.
You tentacle-slap the endoplasm. You squeeze the endoplasm.
You kill the endoplasm!
A jelly is nearby!
You tentacle-slap the jelly. The acid corrodes you!
Your tentacles burn!
You tentacle-slap the jelly.
The jelly is moderately wounded.
The jelly closely misses you.
A jelly is nearby!
You tentacle-slap the jelly. The acid corrodes you!
Your tentacles burn!
Your squeeze misses the jelly.
The jelly is heavily wounded.
The jelly barely misses you.
You tentacle-slap the jelly.
Your tentacles burn!
The jelly is heavily wounded.
The jelly hits you.
You are splashed with acid!
A jelly is nearby!
You are too injured to fight recklessly!
You are too injured to fight recklessly!
A jelly is nearby!
You are too injured to fight recklessly!
You tentacle-slap the jelly but do no damage.
The acid corrodes you!
Your tentacles burn!
The jelly is heavily wounded.
The jelly hits you.
You are splashed with acid!
* * * LOW HITPOINT WARNING * * *
You tentacle-slap the jelly but do no damage.
The acid corrodes you!
Your tentacles burn!
* * * LOW HITPOINT WARNING * * *
The jelly is heavily wounded.
The jelly hits you.
You die...

##+## # #...##
#.. #######..<.#
#...##....##....#
#...............#
#.....Jh...)....+
#...............#
#...##....##!..##
#.. #######...#
#. ...... .......
.......


You could see a jelly.

Vanquished Creatures
  An orc priest (D:3)
  2 adders (D:3)
  A dart slug (D:2)
  4 ribbon worms (D:2)
  4 orcs
  3 ball pythons
  9 bats
  5 endoplasms
  3 giant cockroaches
  3 goblins
  5 hobgoblins (D:2)
  2 jackals (D:1)
  2 kobolds
  4 quokkas
  3 frilled lizards
  4 rats
55 creatures vanquished.

Notes
Turn   | Place    | Note
-------+----------+-------------------------------------------
     0 | D:1      | runemasterragnar the Octopode Shapeshifter began the quest
                  | for the Orb.
     0 | D:1      | Reached XP level 1. HP: 13/13 MP: 1/1
   169 | D:1      | Reached XP level 2. HP: 17/18 MP: 2/2
   198 | D:1      | Reached skill level 1 in Stealth
   791 | D:2      | Reached XP level 3. HP: 19/23 MP: 3/3
  1180 | D:2      | Found a faded altar of an unknown god.
  1476 | D:3      | Reached XP level 4. HP: 27/29 MP: 4/4
  1534 | D:3      | Found a sparkling altar of Nemelex Xobeh.
  2008 | D:3      | Reached XP level 5. HP: 26/35 MP: 5/5
  2266 | D:4      | HP: 1/35 [acid (1)]
  2266 | D:4      | Slain by a jelly

Illustrated notes

Levels and vault maps discovered:
D:1:      dpeg_arrival_rooms_a, layout_loops_ring, roderic_roman_lattice
D:2:      layout_loops_ring, shapermc_ecumenical_altar_petra,
          serial_bayou_lagoon_a
D:3:      layout_rooms, nemelex_altar_shiori
D:4:      layout_gridville, uniq_sigmund

Skill      XL: |  1  2  3  4 |
---------------+-------------+-----
Stealth        | 1 2 |  2.3
Fighting       | 2 |  2.5
Dodging        | |  2.6
Unarmed Combat | |  3.8
Shapeshifting  | |  3.3

Action                     |  1- 3 |  4- 6 || total
---------------------------+-------+-------++-------
  Melee: Unarmed           |    75 |    34 ||   109
         Constrict         |    22 |     5 ||    27
         Tentacles         |     9 |     5 ||    14
         Punch             |     1 |     2 ||     3
   Stab: Sleeping          |    11 |     3 ||    14
 Armour: Skin              |    18 |    18 ||    36
  Dodge: Dodged            |    40 |    27 ||    67

Table legend: (Time is in decaauts)
 A = Elapsed time spent in this place.
 B = Non-inter-level travel time spent in this place.
 C = Inter-level travel time spent in this place.
 D = Time resting spent in this place.
 E = Time spent auto-exploring this place.
 F = Levels seen in this place.
 G = Mean time per level.
                   A        B        C        D        E       F      G
               +--------+--------+--------+--------+--------+-----+--------+
         Total |   2259 |   2141 |    118 |    166 |   1644 |   4 |  564.8 |
       Dungeon |   2259 |   2141 |    118 |    166 |   1644 |   4 |  564.8 |
               +--------+--------+--------+--------+--------+-----+--------+

Top non-repeatable levels by time:
     D:3: 779 daAuts
     D:1: 733 daAuts
     D:2: 731 daAuts
     D:4: 14 daAuts
